 Dungeon Crawl Stone Soup version 0.24.0-125-gc4c63601f3 (webtiles) character file.

Game seed: 7861509833829428390, levelgen mode: deterministic

74776 1994 the Geomancer (level 15, 0/96 HPs)
             Began as a Gargoyle Earth Elementalist on Mar 13, 2020.
             Was the Champion of Okawaru.
             Slain by a very large slime creature (27 damage)
             ... on level 13 of the Dungeon.
             The game lasted 02:06:02 (31429 turns).

1994 the Geomancer (Gargoyle Earth Elementalist)   Turns: 31429, Time: 02:06:03

Health: 0/96       AC: 32    Str: 14    XL:     15   Next: 47%
Magic:  6/29       EV:  9    Int: 26    God:    Okawaru [******]
Gold:   1567       SH:  5    Dex: 10    Spells: 11/34 levels left

rFire    . . .     SeeInvis +   a - +2 whip (elec)
rCold    . . .     Gourm    .   S - +1 buckler {reflect}
rNeg     + + .     Faith    .   X - +7 scale mail of Zin's Pride {SInv}
rPois    ∞         Spirit   .   L - +0 helmet {Int+3}
rElec    +         Reflect  +   v - +1 cloak
rCorr    .         Harm     .   (no gloves)
MR       +....                  y - +1 pair of boots
Stlth    ..........             (no amulet)
HPRegen  0.26/turn              e - +3 ring of intelligence
MPRegen  0.21/turn              p - ring of positive energy

@: flying
A: big wings, negative energy resistance 1, electricity resistance, unbreathing,
petrification resistance, rot immunity, AC +11
a: Stop Flying, Heroism, Finesse, Renounce Religion


You were on level 13 of the Dungeon.
You worshipped Okawaru.
Okawaru was exalted by your worship.
You were not hungry.

You visited 3 branches of the dungeon, and saw 22 of its levels.
You also visited: Ossuary.

You collected 1739 gold pieces.
You spent 172 gold pieces at shops.

Inventory:

Hand Weapons
 a - a +2 whip of electrocution (weapon)
 b - a +2 flail of holy wrath
 f - a +0 morningstar of venom
Missiles
 k - 795 stones (quivered)
 P - a throwing net
 R - 5 curare-tipped darts
Armour
 c - a +3 ring mail of cold resistance
 v - a +1 cloak (worn)
 y - a +1 pair of boots (worn)
 L - a +0 helmet of intelligence (worn)
 S - a +1 buckler of reflection (worn)
 X - the +7 scale mail of Zin's Pride (worn) {SInv}
   (You found it on level 1 of the Lair of Beasts)

   It lets you see invisible.
 Z - a +0 troll leather armour
Magical Staves
 I - an uncursed staff of power
 M - an uncursed staff of energy
Jewellery
 e - a +3 ring of intelligence (left hand)
 o - an uncursed ring of wizardry
 p - a ring of positive energy (right hand)
 u - an uncursed ring of see invisible
 N - an uncursed ring of fire
Wands
 F - a wand of iceblast (17)
 H - a wand of digging (5)
 U - a wand of acid (5)
 W - a wand of paralysis (19)
Scrolls
 h - 9 scrolls of teleportation
 i - 5 scrolls of identify
 j - 15 scrolls of remove curse
 m - 2 scrolls of fog
 n - a scroll of torment {unknown}
 r - a scroll of silence {unknown}
 s - 2 scrolls of immolation
 t - a scroll of brand weapon {unknown}
 z - a scroll of summoning {unknown}
 A - 3 scrolls of fear
 C - a scroll of magic mapping
 J - a scroll of blinking {unknown}
 T - a scroll of acquirement {unknown}
Potions
 g - 15 potions of curing
 l - 5 potions of lignification
 q - a potion of agility
 w - 2 potions of heal wounds
 x - 12 potions of might
 B - 3 potions of ambrosia
 D - 2 potions of brilliance
 E - a potion of cancellation
 G - a potion of magic
 K - 5 potions of mutation
 V - a potion of haste
 Y - 2 potions of berserk rage
Miscellaneous
 O - a box of beasts
Comestibles
 d - 38 rations


   Skills:
 + Level 12.0 Fighting
 * Level 12.8 Maces & Flails
 - Level 8.0 Armour
 - Level 1.5 Dodging
 - Level 2.1 Stealth
 - Level 4.0 Shields
 - Level 10.0 Spellcasting
 - Level 6.1 Conjurations
 - Level 11.8 Necromancy
 - Level 3.0 Translocations
 - Level 3.2 Transmutations
 + Level 13.1 Earth Magic
 + Level 5.1 Invocations


You had 11 spell levels left.
You knew the following spells:

 Your Spells              Type           Power        Failure   Level  Hunger
a - Sandblast             Erth           ######       1%          1    None
b - Passwall              Tmut/Erth      ######..     1%          2    None
c - Stone Arrow           Conj/Erth      ######       1%          3    None
d - Petrify               Tmut/Erth      ######..     5%          4    None
e - Lee's Rapid Deconstr  Erth           ######....   1%          5    ####...
f - Borgnjor's Vile Clut  Necr/Erth      ######....   2%          5    ####...
g - Blink                 Tloc           N/A          7%          2    None
h - Apportation           Tloc           ####..       4%          1    None

Your spell library contained the following spells:

 Spells                   Type           Power        Failure   Level  Hunger
 Animate Dead             Necr           N/A          1%          4    None
 Flame Tongue             Conj/Fire      ####.        4%          1    None
 Dazzling Spray           Conj/Hex       ####..       14%         3    None
 Gell's Gravitas          Tloc           ####......   14%         3    None
 Lesser Beckoning         Tloc           ####......   14%         3    None
 Confusing Touch          Hex            ##....       16%         1    None
 Corona                   Hex            ##.....      16%         1    None
 Summon Butterflies       Summ           ##......     16%         1    None
 Death Channel            Necr           ######....   19%         6    #####..
 Ensorcelled Hibernation  Hex/Ice        ##....       24%         2    None
 Swiftness                Chrm/Air       ##......     24%         2    None
 Spider Form              Tmut/Pois      ###.......   24%         3    None
 Recall                   Summ/Tloc      N/A          26%         3    None
 Confuse                  Hex            ##......     43%         3    None
 Tukima's Dance           Hex            ##......     43%         3    None
 Blade Hands              Tmut           ####......   75%         5    ####...
 Cause Fear               Hex            ##........   83%         4    None
 Summon Lightning Spire   Summ/Air       ##......     83%         4    None
 Simulacrum               Ice/Necr       #####.....   91%         6    #####..
 Alistair's Intoxication  Tmut/Pois      ###.....     92%         5    ####...
 Yara's Violent Unravell  Hex/Tmut       ###.......   92%         5    ####...
 Metabolic Englaciation   Hex/Ice        ##........   99%         5    ####...
 Silence                  Hex/Air        ##........   99%         5    ####...
 Bolt of Fire             Conj/Fire      ####......   100%        6    #####..
 Conjure Ball Lightning   Conj/Air       ####......   100%        6    #####..
 Darkness                 Hex            ##........   100%        6    #####..
 Deflect Missiles         Chrm/Air       ##........   100%        6    #####..
 Invisibility             Hex            ##......     100%        6    #####..
 Shadow Creatures         Summ           N/A          100%        6    #####..
 Dragon Form              Tmut           ####......   100%        7    #######
 Malign Gateway           Summ/Tloc      ###.......   100%        7    #######
 Dragon's Call            Summ           ##........   100%        9    #######
 Tornado                  Air            ##........   100%        9    #######


Dungeon Overview and Level Annotations

Branches:
Dungeon (15/15)            Temple (1/1) D:6            Lair (6/6) D:10
  Swamp (0/4) Lair:3        Snake (0/4) Lair:4        Slime (0/5) Lair:5
    Orc (0/2) D:10        Ossuary (visited)
 Vaults: D:13-14     Depths: D:15

Altars:
Ashenzari
Cheibriados
Dithmenos
Elyvilon
Fedhas
Gozag
Hepliaklqana
Kikubaaqudgha
Makhleb
Nemelex Xobeh
Okawaru
Qazlal
Ru
Sif Muna
Trog
Uskayaw
Vehumet
Wu Jian
Xom
Yredelemnul
Zin
The Shining One

Shops:
D:4 [   D:6 [


Innate Abilities, Weirdness & Mutations

You are resistant to torment.
Your stone body is resilient. (AC +11)
You are immune to poison.
Your large and strong wings let you fly indefinitely.
You resist negative energy. (rN+)
You are resistant to electric shocks. (rElec)
You can survive without breathing.
You are immune to petrification.
You are immune to rotting.


Message History

The stone arrow hits the very large slime creature!!
The very large slime creature is severely wounded.
The very large slime creature closely misses you.
Casting: Stone Arrow (safe; 1% risk of failure)
Confirm with . or Enter, or press ? or * to list all spells.
Aiming: Stone Arrow (safe; 1% risk of failure)
Press: ? - help, Shift-Dir - straight line, f/p - very large slime creature
Aim: a very large slime creature (severely wounded)
The stone arrow hits the very large slime creature!!
The very large slime creature is almost dead.
The very large slime creature closely misses you.
Casting: Stone Arrow (safe; 1% risk of failure)
Confirm with . or Enter, or press ? or * to list all spells.
Aiming: Stone Arrow (safe; 1% risk of failure)
Press: ? - help, Shift-Dir - straight line, f/p - very large slime creature
Aim: a very large slime creature (almost dead)
The stone arrow hits the very large slime creature!!
The very large slime creature is almost dead.
The very large slime creature hits you!!
You die...

#....# #..[[######
#..[.##... #....)#.#
#.......# ####
#....#..###########...
##.###...............##
#<.# #J#####...........
#J####@# #...........
###.##...# #...........
#...##.###
###........... #...#..#
#............. ##..#.##
#.#...........
#....######.#####.^.....
#...............#.......
#...........###.........
#.....###.#....#..[.....


You could see a very large slime creature.

Vanquished Creatures
  The ghost of garrulousMonolith the Blocker, a journeyman GnFi of Cheibriados (D:11)
  A dire elephant (Lair:1)
  The ghost of teukkam the Peltast, a journeyman MiFi of Gozag (Lair:4)
  Josephine (D:11)
  4 hydras
  A rakshasa (D:15)
  2 catoblepae
  A centaur warrior (D:15)
  An ogre mage (D:15)
  A death knight (D:12)
  A tengu warrior (D:13)
  2 death yaks (Lair:5)
  7 two-headed ogres
  Urug (D:13)
  Sonja (Lair:2)
  A spectral death yak (Lair:6)
  2 spectral hydras
  2 unseen horrors (D:13)
  Pikel (D:9)
  A wizard (D:15)
  3 manticores
  4 ugly things
  An elephant (Lair:5)
  4 oklob plants
  Joseph (D:7)
  7 black mambas
  11 spiny frogs
  2 torpor snails
  A redback zombie (D:15)
  5 rime drakes
  9 komodo dragons
  4 trolls
  A tengu conjurer (D:14)
  The ghost of flt the Charmwright, an amateur GnSk (D:4)
  4 polar bears
  3 hornets (Lair:6)
  A meliai zombie (D:13)
  8 slime creatures
  2 bog bodies (Lair:3)
  7 dream sheep (Lair:6)
  9 hippogriffs
  Grinder (D:6)
  5 wraiths
  12 spriggans (Lair:6)
  4 wyverns
  39 yaks
  A death yak simulacrum (Lair:4)
  A spectral komodo dragon (Lair:6)
  A steam dragon (D:11)
  2 hungry ghosts (D:15)
  2 spectral spiny frogs (Lair:6)
  2 swamp worms (Lair:3)
  2 soldier ants
  A hydra simulacrum (Lair:4)
  7 porcupines
  10 water moccasins
  3 ice beasts
  3 slaves (D:9)
  7 ogres
  10 orc warriors
  7 black bears
  5 sky beasts
  2 phantoms
  27 wolves
  4 boggarts (Lair:6)
  A necrophage (D:10)
  4 centaurs
  16 crocodiles
  A big kobold (D:11)
  21 bullfrogs
  A wyvern zombie (D:13)
  A spiny frog simulacrum (Lair:6)
  4 scorpions
  A wyvern skeleton (D:7)
  16 killer bees
  12 wights
  A dream sheep simulacrum (Lair:4)
  4 electric eels
  5 howler monkeys
  7 crimson imps
  A komodo dragon simulacrum (Lair:6)
  A quasit (D:10)
  A bullfrog zombie (D:8)
  A centaur zombie (D:11)
  11 orc priests
  3 centaur skeletons
  11 hounds
  9 jellies
  A bullfrog skeleton (D:8)
  3 iguanas
  3 iron imps
  15 orc wizards
  12 worker ants
  A hound skeleton (D:8)
  8 mummies (Ossuary)
  A worker ant zombie (D:10)
  15 gnolls
  16 adders
  2 shadow imps
  2 white imps (D:9)
  A howler monkey simulacrum (D:9)
  A worker ant simulacrum (D:9)
  5 oozes (D:12)
  An adder skeleton (D:8)
  3 worms
  2 adder simulacra (D:9)
  9 leopard geckos
  55 orcs
  A ball python (D:2)
  7 bats
  8 giant cockroaches
  7 goblins
  10 hobgoblins
  4 jackals
  4 quokkas
  10 frilled lizards
  2 gnoll zombies (Ossuary)
  A hobgoblin zombie (Ossuary)
  17 kobolds
  2 kobold zombies (Ossuary)
  3 orc zombies (Ossuary)
  A quokka skeleton (D:9)
  9 rats
  A spectral orc (D:5)
  3 plants
658 creatures vanquished.

Vanquished Creatures (collateral kills)
  Erolcha (D:11)
  A two-headed ogre (D:11)
  A komodo dragon (Lair:5)
  A hippogriff (Lair:5)
  A basilisk (Lair:5)
  An eye of draining (D:11)
6 creatures vanquished.

Vanquished Creatures (others)
  2 spectral black mambas (Lair:4)
  4 fungi
  10 plants
  8 toadstools (Lair:1)
24 creatures vanquished.

Grand Total: 688 creatures vanquished

Notes
Turn   | Place    | Note
-------+----------+-------------------------------------------
     0 | D:1      | 1994 the Gargoyle Earth Elementalist began the quest for
                  | the Orb.
     0 | D:1      | Reached XP level 1. HP: 10/10 MP: 3/3
   129 | D:1      | Reached XP level 2. HP: 8/16 MP: 3/5
   360 | D:1      | Learned a level 2 spell: Passwall
   548 | D:1      | Reached skill level 1 in Maces & Flails
  1107 | D:2      | Reached skill level 1 in Fighting
  1107 | D:2      | Reached skill level 1 in Transmutations
  1107 | D:2      | Reached XP level 3. HP: 18/20 MP: 4/6
  1142 | D:2      | Learned a level 3 spell: Stone Arrow
  1194 | D:2      | Reached skill level 4 in Earth Magic
  1389 | D:2      | Reached XP level 4. HP: 18/25 MP: 3/7
  1669 | D:2      | Found a shattered altar of Ashenzari.
  1848 | D:2      | Reached skill level 1 in Conjurations
  2025 | D:2      | Found a stormy altar of Qazlal.
  2330 | D:2      | Noticed a bullfrog
  2368 | D:2      | Killed a bullfrog
  2368 | D:2      | Reached XP level 5. HP: 30/30 MP: 4/9
  2528 | D:3      | Found a burning altar of Makhleb.
  2620 | D:3      | Reached XP level 6. HP: 36/36 MP: 3/10
  2972 | D:3      | Found an iron altar of Okawaru.
  3276 | D:3      | Became a worshipper of Warmaster Okawaru
  3527 | D:3      | Learned a level 4 spell: Petrify
  3732 | D:3      | Found an ancient bone altar of Kikubaaqudgha.
  4110 | D:4      | Found a runed translucent door.
  4114 | D:4      | Noticed flt's ghost (amateur GnSk)
  4133 | D:4      | Reached skill level 5 in Earth Magic
  4250 | D:4      | Reached XP level 7. HP: 38/41 MP: 8/11
  4627 | D:4      | Reached * piety under Okawaru
  4735 | D:4      | Found Coatoani's Antique Armour Emporium.
  5175 | D:5      | Entered Level 5 of the Dungeon
  5469 | D:5      | Reached XP level 8. HP: 45/48 MP: 13/13
  5616 | D:5      | Reached skill level 9 in Earth Magic
  5616 | D:5      | Reached XP level 9. HP: 59/59 MP: 11/19
  5623 | D:5      | Learned a level 5 spell: Lee's Rapid Deconstruction
  5715 | D:5      | Reached ** piety under Okawaru
  6314 | D:5      | Found a basalt altar of Yredelemnul.
  6366 | D:6      | Found Kawah's Antique Armour Emporium.
  6374 | D:6      | Bought a pair of runed boots for 172 gold pieces
  6568 | D:6      | Found a snail-covered altar of Cheibriados.
  6631 | D:6      | Found a sand-covered staircase.
  6650 | Ossuary  | Entered an ossuary
  7117 | D:6      | Reached skill level 10 in Earth Magic
  7117 | D:6      | Reached XP level 10. HP: 66/66 MP: 19/21
  7144 | D:6      | Found a staircase to the Ecumenical Temple.
  7145 | D:6      | Noticed Grinder
  7149 | D:6      | Killed Grinder
  7200 | Temple   | Entered the Ecumenical Temple
  7643 | D:6      | Reached skill level 1 in Invocations
  7984 | D:7      | Reached skill level 5 in Conjurations
  8328 | D:7      | Found a shimmering blue altar of Sif Muna.
  8437 | D:7      | Found a blossoming altar of Fedhas.
  8784 | D:7      | Noticed Joseph
  8847 | D:7      | Killed Joseph
  8847 | D:7      | Reached *** piety under Okawaru
  9143 | D:8      | Found a sacrificial altar of Ru.
  9554 | D:8      | Reached XP level 11. HP: 71/71 MP: 18/23
  9837 | D:8      | Noticed a two-headed ogre
 10407 | D:8      | Noticed a red ugly thing
 10407 | D:8      | Noticed a purple ugly thing
 10503 | D:8      | Killed a purple ugly thing
 10598 | D:9      | Reached **** piety under Okawaru
 10823 | D:9      | Killed a red ugly thing
 11231 | D:8      | Learned a level 5 spell: Borgnjor's Vile Clutch
 11529 | D:9      | Found a radiant altar of Vehumet.
 11764 | D:9      | Reached skill level 1 in Necromancy
 11794 | D:9      | Noticed Pikel
 11929 | D:9      | Noticed a two-headed ogre
 11937 | D:9      | Killed a two-headed ogre
 11937 | D:9      | Reached skill level 11 in Earth Magic
 12207 | D:9      | Noticed a +0 hand axe
 12208 | D:9      | Found a hide-covered altar of Uskayaw.
 12208 | D:9      | Noticed a +0 dagger
 12297 | D:9      | Reached ***** piety under Okawaru
 12297 | D:9      | Reached skill level 10 in Maces & Flails
 12615 | D:9      | Killed Pikel
 12799 | D:9      | Reached skill level 1 in Shields
 13076 | D:10     | Entered Level 10 of the Dungeon
 13156 | D:10     | Found a staircase to the Lair.
 13605 | D:10     | Found a staircase to the Orcish Mines.
 13884 | D:10     | Reached XP level 12. HP: 76/77 MP: 9/24
 14323 | D:4      | Killed flt's ghost
 14418 | D:8      | Killed a two-headed ogre
 14418 | D:8      | Received a gift from Okawaru
 14706 | D:11     | Noticed a two-headed ogre
 14734 | D:11     | Killed a two-headed ogre
 14965 | D:11     | Reached skill level 5 in Necromancy
 15062 | D:11     | Reached skill level 10 in Fighting
 15629 | D:11     | Noticed Josephine
 15643 | D:11     | Killed Josephine
 15994 | D:11     | Noticed Erolcha
 16001 | D:11     | Killed Erolcha
 16067 | D:11     | Noticed a two-headed ogre
 16073 | D:11     | Killed a two-headed ogre
 16221 | D:11     | Identified the Catalogue of Malediction and Displacement
 16747 | Lair:1   | Entered Level 1 of the Lair of Beasts
 17081 | Lair:1   | Received a gift from Okawaru
 17081 | Lair:1   | Reached XP level 13. HP: 83/83 MP: 17/26
 17099 | Lair:1   | Got an ichor-stained hat {god gift}
 17105 | Lair:1   | Identified the +1 hat of the Fife {Regen+ Int-4 Dex+5}
                  | (Okawaru gifted it to you on level 1 of the Lair of Beasts)
 17497 | Lair:1   | Found the +7 Spriggan's Knife {stab, EV+4 Stlth+}
 17627 | Lair:1   | Reached skill level 1 in Armour
 17773 | Lair:1   | Noticed a dire elephant
 17793 | Lair:1   | Found a runed translucent door.
 17874 | Lair:1   | Got a fine scale mail
 17886 | Lair:1   | Identified the +7 scale mail of Zin's Pride {SInv} (You
                  | found it on level 1 of the Lair of Beasts)
 18229 | Lair:2   | Reached skill level 12 in Earth Magic
 18301 | Lair:2   | Got a dazzling mace
 18302 | Lair:2   | Identified the +8 mace "Mileh" {flame, Fragile rPois Dex+4}
                  | (You found it on level 2 of the Lair of Beasts)
 18891 | Lair:2   | Noticed Sonja
 18911 | Lair:2   | Killed Sonja
 19977 | Lair:3   | Found a staircase to the Swamp.
 20288 | Lair:4   | Found a runed translucent gate.
 20288 | Lair:4   | Found a runed translucent gate.
 20288 | Lair:4   | Found a runed translucent gate.
 20288 | Lair:4   | Noticed teukkam's ghost (journeyman MiFi)
 20868 | Lair:4   | Found a staircase to the Snake Pit.
 21126 | Lair:4   | Found a shattered altar of Ashenzari.
 22109 | Lair:5   | Found a staircase to the Slime Pits.
 22149 | Lair:5   | Received a gift from Okawaru
 22156 | Lair:5   | Reached ****** piety under Okawaru
 22525 | Lair:5   | Learned a level 2 spell: Blink
 22611 | Lair:5   | Reached skill level 5 in Armour
 22754 | Lair:5   | Received a gift from Okawaru
 22754 | Lair:5   | Gained mutation: Your large and strong wings let you fly
                  | indefinitely. [Gargoyle growth]
 22754 | Lair:5   | Reached XP level 14. HP: 68/90 MP: 8/27
 23200 | Lair:6   | Entered Level 6 of the Lair of Beasts
 23663 | Lair:6   | Received a gift from Okawaru
 24060 | Lair:6   | Reached skill level 10 in Necromancy
 24497 | Lair:6   | Received a gift from Okawaru
 24820 | Lair:6   | Identified the Catalogue of Helpful Transmutation
 24880 | Lair:6   | Reached skill level 10 in Spellcasting
 24917 | Lair:6   | Found a runed translucent gate.
 24917 | Lair:6   | Found a runed translucent gate.
 24917 | Lair:6   | Found a runed translucent gate.
 24918 | Lair:6   | Noticed garrulousMonolith's ghost (journeyman GnFi)
 25546 | Lair:6   | Got an ancient whip
 25548 | Lair:6   | Identified the +6 whip of Callousness {freeze, *Rage rC+
                  | rN++} (You found it on level 6 of the Lair of Beasts)
 26179 | D:11     | Killed garrulousMonolith's ghost
 26662 | Lair:4   | Killed teukkam's ghost
 26955 | Lair:1   | Killed a dire elephant
 27569 | D:9      | Learned a level 1 spell: Apportation
 28493 | D:12     | Reached XP level 15. HP: 96/96 MP: 29/29
 28587 | D:12     | You are sucked into a shaft and drop 1 floor!
 28607 | D:13     | Reached skill level 1 in Translocations
 28692 | D:13     | You are sucked into a shaft and drop 2 floors!
 28692 | D:15     | Entered Level 15 of the Dungeon
 29446 | D:15     | Received a gift from Okawaru
 29524 | D:14     | Reached skill level 13 in Earth Magic
 29734 | D:13     | Noticed Urug
 29812 | D:13     | Killed Urug
 30105 | D:13     | Reached skill level 5 in Invocations
 31375 | D:13     | Got a smoking flail
 31376 | D:13     | Identified the +4 flail "Demonbane" {venom, *Corrode rN++
                  | Str+3} (You found it on level 13 of the Dungeon)
 31429 | D:13     | Slain by a very large slime creature

Levels and vault maps discovered:
D:1:      ncdulo_watergridlock, layout_basic
D:2:      layout_basic, ashenzari_conservatory_becter,
          lemuel_coloured_pillars_altar
D:3:      wander_river, layout_basic, overflow_temple_1_default,
          okawaru_ov_weapons_minmay, demons_altar, serial_curves,
          eino_curves_03, eino_curves_04
D:4:      layout_cave_pools, serial_shops, nicolae_shop_stone, first_ration,
          ebering_ghost_reflecting_pool
D:5:      corexii_shantytown, layout_basic, yredelemnul_forgotten_temple_becter
D:6:      layout_cave_pods, kennysheep_little_box, minmay_temple_entry_slanted,
          serial_shops, nicolae_shop_temple_entry_statues_fountains,
          lightli_ossuary_entry_decrepit_ruins, nicolae_lava_and_water,
          uniq_grinder
D:7:      layout_loops_corners, lemuel_round_altar, fedhas_altar_1, uniq_joseph
D:8:      minmay_the_grid_triangle_9x9_recursive_2
          [minmay_the_grid_triangle_9x9_prize_schism,
          minmay_the_grid_triangle_9x9_warning,
          minmay_the_grid_triangle_9x9_sprig,
          minmay_the_grid_triangle_9x9_impossible_snake], layout_loops_corners,
          lemuel_round_altar
D:9:      layout_basic, vehumet_crystals, dancing_weapons_uskayaw, serial_ice,
          serial_ice_b, serial_ice_k, serial_ice_m, serial_ice_n, uniq_pikel
D:10:     layout_basic, erik_lair_island, david_orc_4
D:11:     minmay_clustersquares, layout_gridville, uniq_erolcha, uniq_josephine
D:12:     layout_loops_corners, hangedman_little_slice_of_home
D:13:     layout_rooms, uniq_urug
D:14:     layout_loops_ring, erik_vaults_1, basic_altar, trog_wizard
D:15:     hangedman_depths_entry_try_elsewhere_first, layout_cave_pods,
          dk_noncrumbling_4, nicolae_trove_entry_path_of_doom
Temple:   zaba_magenta_temple
Lair:1:   gammafunk_lair_enchanted_lake, layout_long_grid,
          gammafunk_lair_bear_cave, grunt_megastairs_4,
          minmay_lair_oklob_chamber
Lair:2:   layout_concentric_octagons, uniq_sonja
Lair:3:   layout_gridlike, nicolae_swamp_entry_splash_gauntlet,
          grunt_megastairs_1, infiniplex_staircase_pool_2
Lair:4:   layout_hall_layers, dummy_snake_entry, gammafunk_ghost_necromancy,
          lemuel_oklob_altar
Lair:5:   layout_cave_pods, minmay_slime_entry_pillars,
          chequers_serial_rivers_small_b, beast_lair_carwin_6,
          serial_bayou_shore_b
Lair:6:   minmay_lair_end_enchanted_forest, layout_regular_city,
          gammafunk_ghost_necromancy

Skill      XL: |  1  2  3  4  5  6  7  8  9 10 11 12 13 14 15 |
---------------+----------------------------------------------+-----
Maces & Flails | 1 2 3 7 9 10 11 12 | 12.8
Fighting       | 1 2 3 8 9 10 11 12 | 12.0
Transmutations | 1 3 |  3.2
Earth Magic    | 4 5 9 10 11 12 13 | 13.1
Conjurations   | 2 3 4 5 6 |  6.1
Spellcasting   | 3 7 8 9 10 | 10.0
Invocations    | 1 3 4 5 |  5.1
Necromancy     | 4 7 9 11 | 11.8
Shields        | 2 4 |  4.0
Armour         | 5 7 8 |  8.0
Translocations | 3 |  3.0
Dodging        | |  1.5
Stealth        | |  2.1

Action                   |  1- 3 |  4- 6 |  7- 9 | 10-12 | 13-15 || total
-------------------------+-------+-------+-------+-------+-------++-------
Melee: Whip              |    55 |   230 |   235 |   480 |  1051 ||  2051
       Flail             |       |       |       |   168 |    89 ||   257
       Staff             |       |       |       |       |     2 ||     2
 Fire: Hunting sling     |     1 |       |    33 |    10 |       ||    44
Throw: Stone             |     7 |       |       |       |       ||     7
 Cast: Sandblast         |     8 |     4 |     6 |    22 |    12 ||    52
       Stone Arrow       |     1 |    29 |    42 |   101 |   106 ||   279
       Petrify           |       |       |       |    21 |     8 ||    29
       Borgnjor's Vile C |       |       |       |    25 |    80 ||   105
       Lee's Rapid Decon |       |       |       |    26 |    42 ||    68
       Passwall          |       |       |       |     6 |       ||     6
       Apportation       |       |       |       |       |     6 ||     6
       Blink             |       |       |       |       |     2 ||     2
 Abil: Fly               |       |       |       |       |     1 ||     1
Evoke: Box of beasts     |       |       |       |     1 |     1 ||     2
  Use: Scroll            |       |       |     9 |     8 |    10 ||    27
       Potion            |       |       |     2 |       |       ||     2
 Stab: Sleeping          |     1 |       |     1 |       |       ||     2
       Petrified         |       |       |       |    25 |     8 ||    33
       Distracted        |       |       |       |     1 |       ||     1
  Eat: Chunk             |     2 |    13 |     9 |    32 |    55 ||   111
       Ration            |       |       |     1 |     4 |     5 ||    10
Armor: Robe              |     5 |       |       |       |    26 ||    31
       Leather armour    |    14 |    40 |       |       |       ||    54
       Ring mail         |       |    46 |   114 |   248 |    26 ||   434
       Scale mail        |       |       |       |       |   545 ||   545
Dodge: Dodged            |    30 |   152 |   102 |   209 |   335 ||   828
Block: Buckler           |       |       |       |    37 |   140 ||   177
